 Dungeon Crawl Stone Soup version 0.31-a0-574-g69dc8cc98e (webtiles) character file.

Game seed: 673700874447602093

4 Hubris850 the Ruffian (level 1, 0/24 HPs)
             Began as a Draconian Shapeshifter on Aug 18, 2023.
             Frozen to death by an endoplasm (3 damage)
             ... on level 1 of the Dungeon.
             The game lasted 00:01:10 (158 turns).

Hubris850 the Ruffian (Draconian Shapeshifter)       Turns: 158, Time: 00:01:11

Health: 0/24       AC: 20    Str: 17    XL:     1   Next: 50%
Magic:  1/1        EV:  2    Int:  8    God:
Gold:   0          SH:  0    Dex: 11    Spells: 0/0 levels left

rFire   . .          .
                       - Unarmed
rCold   . . .        (no shield)
rNeg    . . .        (body armour unavailable)
rPois   +            (helmet currently unavailable)
rElec   .            e - melded +0 cloak
rCorr   .            (gloves currently unavailable)
SInv    .            (boots currently unavailable)
Will    .....        (no amulet)
Stlth   +            (no ring)
HPRegen 0.24/turn    (no ring)
MPRegen 0.07/turn

%: no passive effects
@: tree-form
A: stationary, stasis, torment immunity, boosted hp, AC +4, unfitting armour,
(cold-blooded)
a: no special abilities


You were on level 1 of the Dungeon.
You were a tree.
You visited 1 branch of the dungeon, and saw 1 of its levels.

Inventory:

Armour
 e - a +0 cloak (melded)
Talismans
 b - a beast talisman
 c - a flux talisman
Scrolls
 d - a scroll of identify {unknown}


   Skills:
 - Level 1.1 Fighting
 - Level 1.8 Dodging
 + Level 3.1 Unarmed Combat
 + Level 3.0 Shapeshifting


You couldn't memorise any spells.
You didn't know any spells.
Your spell library was empty.

Dungeon Overview and Level Annotations

Branches:
Dungeon (1/15)

Altars:


Innate Abilities, Weirdness & Mutations

You are a tree.
Your roots penetrate the ground, keeping you stationary.
You cannot be teleported.
You are immune to unholy pain and torment.
Your maximum health is greatly increased.
Your equipment is partially melded.
((Your plain brown scales are hard. (AC +4)))
You cannot fit into any form of body armour.
((You are cold-blooded and may be slowed by cold attacks.))


Message History

The endoplasm hits you but does no damage.
You completely miss the goblin. The bat misses you.
The goblin barely misses you. The endoplasm closely misses you.
You barely miss the goblin.
Your tail-slap misses the goblin.
The bat completely misses you. The endoplasm freezes you.
You are frozen.
You feel yourself slow down. The goblin hits you but does no damage.
You closely miss the bat. The bat barely misses you. x2
The goblin closely misses you. The endoplasm closely misses you.
The bat hits you but does no damage.
You closely miss the bat.
You feel yourself speed up. The bat misses you.
The goblin hits you with a +0 dagger. The endoplasm freezes you.
You are frozen.
You feel yourself slow down. The goblin hits you with a +0 dagger.
The endoplasm hits you.
* * * LOW HITPOINT WARNING * * *
You completely miss the endoplasm. The bat hits you but does no damage.
The goblin barely misses you. The bat hits you.
* * * LOW HITPOINT WARNING * * *
The endoplasm hits you.
* * * LOW HITPOINT WARNING * * *
Unknown command.
Your transformation has ended.
Your +0 cloak unmelds from your body.
You turn into a tree.
Your +0 cloak melds into your body.
Your roots penetrate the ground.
The bat hits you but does no damage. x2
A ball python comes into view.
The goblin hits you but does no damage.
The endoplasm hits you but does no damage.
The bat hits you but does no damage.
The endoplasm hits you but does no damage.
The goblin hits you but does no damage.
The ball python moves out of view.
You hit the endoplasm but do no damage.
You feel yourself speed up. The bat hits you but does no damage.
The goblin hits you but does no damage. The endoplasm freezes you.
You are frozen.
You die...

#.# ##.# .. ..# .. .
#.##### .# .. #.#...# .#
..# #######.....# .#
...# ##......##...#
##.#....#
....###.###.####....#.##
##.......##.###.♣g......
....#)......##...J......
^#..#.#..##.......>.....
[........##.##....b..[#.
....####.##.###.........
....# .##.# ##........
##... #.# ##.###.#. #.#
... .. ... ####


You could see an endoplasm, a goblin and a bat.

Vanquished Creatures
  A ball python (D:1)
  A bat (D:1)
  A kobold (D:1)
3 creatures vanquished.

Notes
Turn   | Place    | Note
-------+----------+-------------------------------------------
     0 | D:1      | Hubris850 the Draconian Shapeshifter began the quest for
                  | the Orb.
     0 | D:1      | Reached XP level 1. HP: 16/16 MP: 1/1
   158 | D:1      | Frozen to death by an endoplasm

Illustrated notes

Levels and vault maps discovered:
D:1:      minmay_arrival_three_doors, layout_loops_cross, minivault_27

Action                     || total
---------------------------++-------
  Melee: Unarmed           ||    19
         Tailslap          ||     2
Ability: Begin Untransform ||     1
    Use: Potion            ||     1
 Armour: Skin              ||    20
  Dodge: Dodged            ||    15
   Form: Beast             ||     1

Table legend: (Time is in decaauts)
 A = Elapsed time spent in this place.
 B = Non-inter-level travel time spent in this place.
 C = Inter-level travel time spent in this place.
 D = Time resting spent in this place.
 E = Time spent auto-exploring this place.
 F = Levels seen in this place.
 G = Mean time per level.
                   A        B        C        D        E       F      G
               +--------+--------+--------+--------+--------+-----+--------+
         Total |    159 |    159 |      0 |     27 |     75 |   1 |  159.0 |
       Dungeon |    159 |    159 |      0 |     27 |     75 |   1 |  159.0 |
               +--------+--------+--------+--------+--------+-----+--------+

Top non-repeatable levels by time:
     D:1: 159 daAuts
